 Dungeon Crawl Stone Soup version 0.31-a0-1570-g93c622d222 (webtiles) character file.

Game seed: 7145253807764513986

25 TheScarfBastard the Poker (level 3, -1/30 HPs)
             Began as a Merfolk Berserker on Jan 3, 2024.
             Was a Follower of Trog.
             Slain by an adder (3 damage)
             ... on level 2 of the Dungeon.
             The game lasted 00:01:59 (865 turns).

TheScarfBastard the Poker (Merfolk Berserker)        Turns: 865, Time: 00:02:00

Health: -1/30      AC:  4    Str: 17    XL:     3   Next: 6%
Magic:  3/3        EV: 12    Int:  6    God:    Trog [*.....]
Gold:   86         SH:  0    Dex: 15    Spells: 2/2 levels left

rFire   . . .        a - +0 spear
rCold   . . .        (no shield)
rNeg    . . .        h - +0 leather armour
rPois   .            g - +0 helmet
rElec   .            (no cloak)
rCorr   .            (no gloves)
SInv    .            (no boots)
Will    .....        (no amulet)
Stlth   +            (no ring)
HPRegen 0.25/turn    (no ring)
MPRegen 0.08/turn

%: no passive effects
@: no status effects
A: (nimble swimmer 2), mertail
a: Renounce Religion, Berserk


You were on level 2 of the Dungeon.
You worshipped Trog.
Trog was aware of your devotion.
You visited 1 branch of the dungeon, and saw 2 of its levels.

You collected 86 gold pieces.

Inventory:

Hand Weapons
 a - a +0 spear (weapon)
Armour
 b - a +0 animal skin
 g - a +0 helmet (worn)
 h - a +0 leather armour (worn)
Scrolls
 e - a scroll of immolation
 f - a scroll of teleportation
 i - a scroll of fear {unknown}
 j - a scroll of amnesia {unknown}
Potions
 c - a potion of might {unknown}
 d - a potion of mutation {unknown}


   Skills:
 + Level 3.8 Fighting
 + Level 4.4 Polearms
 + Level 1.7 Armour
 + Level 3.0 Dodging


You had 2 spell levels left.
You didn't know any spells.
Your spell library was empty.

Dungeon Overview and Level Annotations

Branches:
Dungeon (2/15)

Altars:


Innate Abilities, Weirdness & Mutations

((You are very nimble when in or above water. (Stealth+, EV+, Speed+++)))
Your lower body shifts to a powerful aquatic tail in water.


Message History

You feel sick. The adder bites you. x2
You hit the adder but do no damage.
The adder is severely wounded.
You feel sick. The adder bites you but does no damage.
You hit the adder but do no damage.
The adder is severely wounded.
You feel sick. The adder bites you.
* * * LOW HITPOINT WARNING * * *
You hit the adder but do no damage.
The adder is severely wounded.
You feel sick. The adder bites you.
* * * LOW HITPOINT WARNING * * *
You are more poisoned.
The adder poisons you!
You barely miss the adder.
The adder is severely wounded.
You feel sick. The adder closely misses you.
You miss the adder.
The adder is severely wounded.
You feel sick. The adder barely misses you.
You miss the adder.
The adder is severely wounded.
You feel sick. The adder bites you but does no damage.
The adder barely misses you.
You closely miss the adder.
The adder is severely wounded.
You feel sick. The adder bites you but does no damage.
You miss the adder. You punch the adder.
The adder is almost dead.
You feel sick. The adder barely misses you.
You miss the adder.
The adder is almost dead.
You feel sick.
You are no longer poisoned.
The adder bites you but does no damage.
Unknown command.
You hit the adder.
The adder is almost dead.
The adder bites you.
You die...

#..........###...
#..........# .#
#..........# .#
#..........# .#
#.........†#######
.#
##.########......#
.# #. #......# .#
#).....#######.###
#@.....#.........#
#S.....#.........#
#.?....#.........#
#......#..........
#......#..........
#......#.####..#.#
#......#.#.....#.#
.......#.....#.#.#
#...#.#.#.#


You could see an adder.

Vanquished Creatures
  2 ball pythons (D:1)
  A bat (D:1)
  An endoplasm (D:1)
  2 giant cockroaches (D:1)
  3 hobgoblins
  5 jackals (D:1)
  A quokka (D:1)
  2 frilled lizards (D:1)
  3 kobolds
20 creatures vanquished.

Notes
Turn   | Place    | Note
-------+----------+-------------------------------------------
     0 | D:1      | TheScarfBastard the Merfolk Berserker began the quest for
                  | the Orb.
     0 | D:1      | Reached XP level 1. HP: 18/18 MP: 1/1
    86 | D:1      | Reached XP level 2. HP: 4/24 MP: 2/2
   178 | D:1      | Found a faded altar of an unknown god.
   843 | D:2      | Reached XP level 3. HP: 27/30 MP: 3/3
   864 | D:2      | HP: 1/30 [poisoned by an adder]
   865 | D:2      | Slain by an adder

Illustrated notes

Levels and vault maps discovered:
D:1:      dpeg_arrival_rooms_c, layout_basic,
          hellmonk_ecumenical_altar_dog_temple
D:2:      layout_basic

Skill      XL: |  1  2 |
---------------+-------+-----
Dodging        | 3 |  3.0
Fighting       | |  3.8
Polearms       | |  4.4
Armour         | |  1.7

Action                     || total
---------------------------++-------
  Melee: Spear             ||    67
         Punch             ||     1
 Invoke: Berserk           ||     1
    Use: Scroll            ||     2
   Stab: Sleeping          ||     1
 Armour: Animal skin       ||    34
         Leather armour    ||    15
  Dodge: Dodged            ||    48

Table legend: (Time is in decaauts)
 A = Elapsed time spent in this place.
 B = Non-inter-level travel time spent in this place.
 C = Inter-level travel time spent in this place.
 D = Time resting spent in this place.
 E = Time spent auto-exploring this place.
 F = Levels seen in this place.
 G = Mean time per level.
                   A        B        C        D        E       F      G
               +--------+--------+--------+--------+--------+-----+--------+
         Total |    870 |    815 |     55 |      0 |    550 |   2 |  435.0 |
       Dungeon |    870 |    815 |     55 |      0 |    550 |   2 |  435.0 |
               +--------+--------+--------+--------+--------+-----+--------+

Top non-repeatable levels by time:
     D:1: 775 daAuts
     D:2: 94 daAuts
